 Dungeon Crawl Stone Soup version 0.31-a0-963-ga325b2283a (webtiles) character file.

Game seed: 3554806308115943444

18302 Arzdou the Cleaver (level 12, -1/97 HPs)
             Began as a Gnoll Cinder Acolyte on Oct 25, 2023.
             Was a High Priest of Ignis.
             Slain by a komodo dragon (13 damage)
             ... on level 2 of the Lair of Beasts.
             The game lasted 00:20:40 (12779 turns).

Arzdou the Cleaver (Gnoll Cinder Acolyte)          Turns: 12779, Time: 00:20:41

Health: -1/97      AC: 28    Str: 18    XL:     12   Next: 57%
Magic:  24/24      EV: 10    Int: 15    God:    Ignis [*****.]
Gold:   1009       SH:  0    Dex: 13    Spells: 25/27 levels left

rFire   + . .        a - +6 executioner's axe "Gilen" {drain, Will+ rCorr}
rCold   . . .        (shield currently unavailable)
rNeg    . . .        o - +18 Lear's hauberk
rPois   +            (helmet currently unavailable)
rElec   .            (no cloak)
rCorr   +            (gloves currently unavailable)
SInv    .            (boots currently unavailable)
Will    +....        G - amulet of the acrobat
Stlth   +            r - ring of poison resistance
HPRegen 0.36/turn    x - +6 ring of dexterity
MPRegen 0.19/turn

%: acrobat
@: no status effects
A: fangs 1, strong nose, distributed training
a: Renounce Religion, Fiery Armour, Foxfire Swarm, Rising Flame


You were on level 2 of the Lair of Beasts.
You worshipped Ignis.
Ignis was extremely pleased with you.
You visited 2 branches of the dungeon, and saw 12 of its levels.
You also visited: Ossuary.

You collected 1415 gold pieces.
You spent 406 gold pieces at shops.

Inventory:

Hand Weapons
 a - the +6 executioner's axe "Gilen" (weapon) {drain, Will+ rCorr}
   (You acquired it on level 1 of the Lair of Beasts)

   Will+:     It increases your willpower.
   rCorr:     It protects you from acid and corrosion.
 b - the +3 greatsling "Punk" {acid, rCorr}
   (You bought it in a shop on level 8 of the Dungeon)

   rCorr:     It protects you from acid and corrosion.
 K - a +0 broad axe of protection
Missiles
 s - 2 throwing nets
Armour
 o - the +18 Lear's hauberk (worn)
   (You found it on level 2 of the Dungeon)
Jewellery
 r - a ring of poison resistance (left hand)
 x - a +6 ring of dexterity (right hand)
 E - a +4 ring of protection
 G - an amulet of the acrobat (around neck)
Wands
 j - a wand of charming (5)
 k - a wand of flame (10)
 A - a wand of polymorph (5)
 F - a wand of digging (4)
 J - a wand of quicksilver (2)
Scrolls
 d - 4 scrolls of teleportation
 g - 2 scrolls of revelation {unknown}
 i - 3 scrolls of amnesia
 l - 2 scrolls of fear
 p - a scroll of fog
 u - 3 scrolls of blinking
 y - 3 scrolls of enchant armour
 z - a scroll of silence
 H - a scroll of enchant weapon {unknown}
 I - 3 scrolls of identify
Potions
 c - 12 potions of curing
 e - 2 potions of cancellation
 f - 3 potions of berserk rage {unknown}
 h - 2 potions of brilliance
 m - 6 potions of might
 n - 5 potions of mutation
 q - a potion of invisibility {unknown}
 t - 2 potions of attraction
 v - 4 potions of lignification
 w - a potion of ambrosia {unknown}
 B - a potion of heal wounds {unknown}
 C - 4 potions of resistance {unknown}
 D - a potion of magic {unknown}


   Skills:
 + Level 10.1 Fighting
 + Level 7.5 Short Blades
 + Level 7.5 Long Blades
 + Level 10.1 Axes
 + Level 7.5 Maces & Flails
 + Level 7.5 Polearms
 + Level 7.5 Staves
 + Level 7.5 Ranged Weapons
 + Level 7.5 Throwing
 + Level 7.5 Armour
 + Level 7.5 Dodging
 + Level 7.5 Stealth
 + Level 7.5 Shields
 + Level 7.5 Unarmed Combat
 + Level 8.1 Spellcasting
 + Level 6.2 Conjurations
 + Level 6.2 Hexes
 + Level 6.2 Summonings
 + Level 6.2 Necromancy
 + Level 6.2 Translocations
 + Level 6.2 Transmutations
 + Level 8.4 Fire Magic
 + Level 6.2 Ice Magic
 + Level 6.2 Air Magic
 + Level 6.2 Earth Magic
 + Level 6.2 Poison Magic
 + Level 8.3 Invocations
 + Level 7.5 Evocations
 + Level 6.9 Shapeshifting


You had 25 spell levels left.
You knew the following spells:

 Your Spells              Type           Power      Damage    Failure   Level
a - Scorch                Fire           62%        2d7       4%          2

Your spell library contained the following spells:

 Spells                   Type           Power      Damage    Failure   Level
 Foxfire                  Conj/Fire      100%       2x1d9     4%          1
 Apportation              Tloc           48%        N/A       7%          1
 Kiss of Death            Conj/Necr      96%        2d12      7%          1
 Summon Small Mammal      Summ           96%        N/A       7%          1
 Cigotuvi's Dreadful Rot  Necr/Pois/Air  48%        N/A       11%         2
 Ensorcelled Hibernation  Hex/Ice        48%        N/A       11%         2
 Jinxbite                 Hex            48%        N/A       11%         2
 Passwall                 Tmut/Erth      20%        N/A       11%         2
 Static Discharge         Conj/Air       48%        3-5/arc   11%         2
 Ignite Poison            Fire/Tmut/Pois 27%        N/A       16%         3
 Call Canine Familiar     Summ           24%        N/A       21%         3
 Confusing Touch          Hex            24%        N/A       21%         3
 Gell's Gravitas          Tloc           24%        N/A       21%         3
 Stone Arrow              Conj/Erth      48%        3d10      21%         3
 Summon Guardian Golem    Hex/Summ       24%        N/A       21%         3
 Swiftness                Air            24%        N/A       21%         3
 Teleport Other           Tloc           24%        N/A       21%         3
 Tukima's Dance           Hex            24%        N/A       21%         3
 Airstrike                Air            12%        2d(2-18)  56%         4
 Animate Armour           Summ/Erth      48%        N/A       56%         4
 Dimensional Bullseye     Hex/Tloc       12%        N/A       56%         4
 Dispel Undead            Necr           24%        3d12      56%         4
 Iskenderun's Mystic Bla  Conj/Tloc      24%        2d7       56%         4
 Summon Lightning Spire   Summ/Air       24%        N/A       56%         4
 Alistair's Intoxication  Tmut/Pois      16%        N/A       88%         5
 Freezing Cloud           Conj/Ice/Air   12%        6-21      88%         5
 Dispersal                Tloc           12%        N/A       100%        6
 Plasma Beam              Fire/Air       14%        2x1d25    100%        6
 Starburst                Conj/Fire      14%        6d6       100%        6
 Lehudib's Crystal Spear  Conj/Erth      12%        10d4      100%        8


Dungeon Overview and Level Annotations

Branches:
Dungeon (10/15)            Temple (0/1) D:4            Lair (2/5) D:10
Ossuary (visited)
  Swamp: Lair:2-3    Shoals: Lair:2-3     Snake: Lair:2-3    Spider: Lair:2-3
    Orc: D:9-12

Altars:
Dithmenos
Elyvilon
Fedhas
Kikubaaqudgha
Makhleb
Nemelex Xobeh
Okawaru
Qazlal
Ru
Trog
Uskayaw
Wu Jian
Yredelemnul
The Shining One

Shops:
D:8 ??(*[   D:10 ?*

Annotations:
D:6 2 transporters, Jeremiah; KineticRobot's ghost, novice NaEn


Innate Abilities, Weirdness & Mutations

You have very sharp teeth.
Your uncanny sense of smell can sniff out nearby items.
Your experience applies equally to all skills.


Message History

The cane toad is severely wounded.
You feel very sick.
The cane toad stings you but does no damage.
You barely miss the cane toad.
The cane toad is severely wounded.
You feel very sick.
The cane toad stings you but does no damage.
You slice the komodo dragon!!
The komodo dragon is heavily wounded.
You feel sick.
The komodo dragon bites you but does no damage.
You barely miss the komodo dragon. Your bite misses the komodo dragon.
The komodo dragon is heavily wounded.
You feel sick. The komodo dragon barely misses you.
The komodo dragon closely misses you.
You hit the komodo dragon but do no damage.
The komodo dragon is heavily wounded.
You feel sick.
The komodo dragon bites you but does no damage.
You slash the komodo dragon! You drain the komodo dragon.
You kill the komodo dragon!
You feel sick. The cane toad closely misses you.
You slash the cane toad!
You bite the cane toad, but do no damage.
The cane toad is severely wounded.
You feel sick.
You are no longer poisoned.
The cane toad closely misses you.
You slash the cane toad!
You kill the cane toad!
The cane toad barely misses you.
You slash the cane toad! You drain the cane toad.
You kill the cane toad!
The komodo dragon bites you!!
* * * LOW HITPOINT WARNING * * *
You slice the komodo dragon!!
The komodo dragon is heavily wounded.
A black mamba comes into view.
The komodo dragon bites you!
You die... ..............>. #...............# #S.............# #............. #............ #.........# #......P.# . #.###l#..## #PP

###@####....
###.##.....##.
##P............
#............#.
#.............#
#.............#
##.............#
##...........[..##
##.................


You could see a komodo dragon and a black mamba (wandering).

Vanquished Creatures
  Harold (D:9)
  A two-headed ogre (D:8)
  Erica (D:8)
  A boulder beetle (D:10)
  5 death yaks (Lair:1)
  Pikel (D:4)
  Joseph (D:9)
  4 cane toads
  Maggie (D:7)
  A rime drake (Lair:1)
  3 komodo dragons
  Prince Ribbit (D:8)
  A troll (D:10)
  Grinder (D:3)
  3 slime creatures (D:10)
  3 wyverns
  18 yaks
  A steam dragon (D:7)
  2 wargs (D:10)
  Menkaure (D:4)
  7 water moccasins
  A black bear (D:4)
  A sky beast (D:6)
  A hornet zombie (Ossuary)
  5 orc warriors
  2 ogres (D:5)
  2 centaurs
  A lemure (D:4)
  A phantom (D:4)
  A kobold brigand (D:6)
  Blork the orc (D:4)
  8 bullfrogs
  A wyvern zombie (Ossuary)
  3 water moccasin zombies (Ossuary)
  10 killer bees
  A troll skeleton (D:9)
  A jelly (D:7)
  5 spriggan skeletons (D:9)
  A howler monkey (D:7)
  2 lava snakes (D:10)
  3 centaur zombies (Ossuary)
  6 bullfrog zombies (Ossuary)
  6 orc priests
  3 hounds
  A gnoll bouda (D:5)
  3 iguanas
  12 mummies (Ossuary)
  5 hell rats
  Terence (D:2)
  A sleepcap (D:7)
  Natasha (thrice) (D:3)
  13 orc wizards
  2 killer bee zombies (Ossuary)
  Robin (D:3)
  4 gnolls (D:5)
  9 adders
  3 white imps
  4 ufetubi
  A worm (D:2)
  2 dart slugs
  37 orcs
  10 ball pythons
  5 bats
  2 endoplasms
  2 giant cockroaches (D:3)
  9 goblins
  12 hobgoblins
  2 jackals (D:4)
  4 quokkas
  4 frilled lizards
  10 kobolds
  A rat (D:3)
287 creatures vanquished.

Vanquished Creatures (others)
  8 foxfires (D:3)
8 creatures vanquished.

Grand Total: 295 creatures vanquished

Notes
Turn   | Place    | Note
-------+----------+-------------------------------------------
     0 | D:1      | Arzdou the Gnoll Cinder Acolyte began the quest for the
                  | Orb.
     0 | D:1      | Reached XP level 1. HP: 23/23 MP: 4/4
   113 | D:1      | Reached XP level 2. HP: 27/29 MP: 5/5
   146 | D:1      | Learned a level 2 spell: Scorch
   318 | D:1      | Found a faded altar of an unknown god.
   750 | D:2      | Reached XP level 3. HP: 35/35 MP: 4/7
   969 | D:2      | Found the +18 Lear's hauberk
   973 | D:2      | Noticed Terence
   978 | D:2      | Killed Terence
   979 | D:2      | Reached skill level 1 in Short Blades
   979 | D:2      | Reached skill level 1 in Long Blades
   979 | D:2      | Reached skill level 1 in Maces & Flails
   979 | D:2      | Reached skill level 1 in Polearms
   979 | D:2      | Reached skill level 1 in Staves
   979 | D:2      | Reached skill level 1 in Ranged Weapons
   979 | D:2      | Reached skill level 1 in Throwing
   979 | D:2      | Reached skill level 1 in Armour
   979 | D:2      | Reached skill level 1 in Dodging
   979 | D:2      | Reached skill level 1 in Stealth
   979 | D:2      | Reached skill level 1 in Shields
   979 | D:2      | Reached skill level 1 in Unarmed Combat
   979 | D:2      | Reached skill level 1 in Invocations
   979 | D:2      | Reached skill level 1 in Evocations
   979 | D:2      | Reached XP level 4. HP: 38/41 MP: 1/8
  1028 | D:2      | Reached skill level 1 in Shapeshifting
  1394 | D:3      | Noticed Robin
  1415 | D:3      | Reached skill level 1 in Conjurations
  1415 | D:3      | Reached skill level 1 in Hexes
  1415 | D:3      | Reached skill level 1 in Summonings
  1415 | D:3      | Reached skill level 1 in Necromancy
  1415 | D:3      | Reached skill level 1 in Translocations
  1415 | D:3      | Reached skill level 1 in Transmutations
  1415 | D:3      | Reached skill level 1 in Ice Magic
  1415 | D:3      | Reached skill level 1 in Air Magic
  1415 | D:3      | Reached skill level 1 in Earth Magic
  1415 | D:3      | Reached skill level 1 in Poison Magic
  1420 | D:3      | Killed Robin
  1742 | D:3      | Reached XP level 5. HP: 47/47 MP: 9/9
  1756 | D:3      | Found an ancient bone altar of Kikubaaqudgha.
  1967 | D:3      | Found a sparkling altar of Nemelex Xobeh.
  2015 | D:3      | Noticed Natasha
  2032 | D:3      | Killed Natasha
  2041 | D:3      | Noticed Grinder
  2050 | D:3      | Paralysed by Grinder for 2 turns
  2064 | D:3      | Paralysed by Grinder for 5 turns
  2070 | D:3      | Killed Grinder
  2071 | D:3      | Reached XP level 6. HP: 14/53 MP: 9/11
  2440 | D:3      | Found a sparkling altar of Nemelex Xobeh.
  2453 | D:3      | Noticed Natasha
  2462 | D:3      | Killed Natasha
  2619 | D:3      | Noticed Natasha
  2636 | D:3      | Killed Natasha
  2809 | D:3      | Found an ancient bone altar of Kikubaaqudgha.
  2997 | D:4      | Reached XP level 7. HP: 53/60 MP: 12/12
  3078 | D:4      | Found a staircase to the Ecumenical Temple.
  3415 | D:4      | Noticed Menkaure
  3427 | D:4      | Killed Menkaure
  3484 | D:4      | Found a glowing drain.
  3777 | D:4      | Noticed Pikel
  3796 | D:4      | Killed Pikel
  3797 | D:4      | Reached XP level 8. HP: 58/67 MP: 14/14
  3899 | D:4      | Noticed Blork the orc
  3928 | D:4      | Killed Blork the orc
  4094 | D:5      | Entered Level 5 of the Dungeon
  4646 | D:5      | Found a white marble altar of Elyvilon.
  4716 | D:5      | Reached XP level 9. HP: 20/60 MP: 16/16
  4929 | D:5      | Found a blossoming altar of Fedhas.
  4939 | D:5      | Identified a scroll of acquirement
  4939 | D:5      | Acquired 906 gold pieces
  5130 | D:6      | Noticed KineticRobot's ghost (novice NaEn)
  5131 | D:6      | Found a transporter.
  5255 | D:6      | Reached skill level 5 in Spellcasting
  5400 | D:6      | Found a glowing golden altar of the Shining One.
  5472 | D:6      | Found a transporter.
  5558 | D:6      | Noticed Jeremiah
  5681 | D:7      | Identified the +4 ring mail "Yleto" {Drain rN+ rCorr Dex+3}
  6086 | D:7      | Found an iron altar of Okawaru.
  6116 | D:7      | Noticed Maggie
  6131 | D:7      | Killed Maggie
  6132 | D:7      | Reached skill level 5 in Invocations
  6445 | D:8      | Found Irphay's Weapon Boutique.
  6452 | D:8      | Found a bloodstained altar of Trog.
  6493 | D:8      | Reached XP level 10. HP: 76/80 MP: 18/18
  6499 | D:8      | Reached skill level 5 in Short Blades
  6499 | D:8      | Reached skill level 5 in Long Blades
  6499 | D:8      | Reached skill level 5 in Maces & Flails
  6499 | D:8      | Reached skill level 5 in Polearms
  6499 | D:8      | Reached skill level 5 in Staves
  6499 | D:8      | Reached skill level 5 in Ranged Weapons
  6499 | D:8      | Reached skill level 5 in Throwing
  6499 | D:8      | Reached skill level 5 in Armour
  6499 | D:8      | Reached skill level 5 in Dodging
  6499 | D:8      | Reached skill level 5 in Stealth
  6499 | D:8      | Reached skill level 5 in Shields
  6499 | D:8      | Reached skill level 5 in Unarmed Combat
  6499 | D:8      | Reached skill level 5 in Evocations
  6528 | D:8      | Found Puas's Assorted Antiques.
  6599 | D:8      | Noticed Erica
  6796 | D:8      | Noticed Prince Ribbit
  6812 | D:8      | Found a sand-covered staircase.
  6816 | Ossuary  | Entered an ossuary
  7413 | D:8      | Killed Prince Ribbit
  7485 | D:8      | Found Damuol's Armour Shoppe.
  7537 | D:8      | Killed Erica
  7538 | D:8      | Reached skill level 5 in Shapeshifting
  8013 | D:8      | Found Anuletak's Magic Scroll Shoppe.
  8050 | D:8      | Found a burning altar of Makhleb.
  8262 | D:8      | Noticed a two-headed ogre
  8269 | D:8      | Killed a two-headed ogre
  8270 | D:8      | Reached XP level 11. HP: 51/87 MP: 20/20
  8274 | D:8      | Found a shadowy altar of Dithmenos.
  8319 | D:8      | Bought the +3 greatsling "Punk" {acid, rCorr} for 406 gold
                  | pieces
  8319 | D:8      | Found the +3 greatsling "Punk" {acid, rCorr}
  8546 | D:8      | Found Unoef's Magic Scroll Shoppe.
  8750 | D:9      | Found a sacrificial altar of Ru.
  8865 | D:9      | Noticed Joseph
  8882 | D:9      | Killed Joseph
  8883 | D:9      | Reached skill level 5 in Conjurations
  8883 | D:9      | Reached skill level 5 in Hexes
  8883 | D:9      | Reached skill level 5 in Summonings
  8883 | D:9      | Reached skill level 5 in Necromancy
  8883 | D:9      | Reached skill level 5 in Translocations
  8883 | D:9      | Reached skill level 5 in Transmutations
  8883 | D:9      | Reached skill level 5 in Ice Magic
  8883 | D:9      | Reached skill level 5 in Air Magic
  8883 | D:9      | Reached skill level 5 in Earth Magic
  8883 | D:9      | Reached skill level 5 in Poison Magic
  9218 | D:9      | Found a basalt altar of Yredelemnul.
  9384 | D:9      | Found an ornate altar of the Wu Jian Council.
  9595 | D:9      | Noticed Harold
  9619 | D:9      | Killed Harold
  9884 | D:10     | Entered Level 10 of the Dungeon
 10136 | D:10     | Found a staircase to the Lair.
 10539 | D:10     | Found Dafrah's Assorted Antiques.
 10706 | D:10     | Found a stormy altar of Qazlal.
 10754 | D:10     | Found Zuwug's Magic Scroll Emporium.
 10859 | D:10     | Noticed a boulder beetle
 10890 | D:10     | Killed a boulder beetle
 11048 | D:10     | Found a hide-covered altar of Uskayaw.
 11150 | Lair:1   | Entered Level 1 of the Lair of Beasts
 11229 | Lair:1   | Acquired the +6 executioner's axe "Gilen" {drain, Will+
                  | rCorr}
 11701 | Lair:1   | Reached XP level 12. HP: 93/96 MP: 23/23
 12447 | Lair:2   | Noticed a death yak
 12447 | Lair:2   | Noticed a death yak
 12471 | Lair:1   | Killed a death yak
 12473 | Lair:2   | Noticed a death yak
 12473 | Lair:2   | Noticed a death yak
 12476 | Lair:2   | Noticed a death yak
 12483 | Lair:1   | Killed a death yak
 12488 | Lair:1   | Killed a death yak
 12489 | Lair:1   | Killed a death yak
 12490 | Lair:1   | Reached skill level 10 in Fighting
 12490 | Lair:1   | Reached skill level 10 in Axes
 12490 | Lair:1   | Killed a death yak
 12779 | Lair:2   | Slain by a komodo dragon

Illustrated notes

Levels and vault maps discovered:
D:1:      erik_arrival_orb_chamber, layout_loops_ring,
          ebering_ecumenical_altar_hall
D:2:      layout_loops_cross, hangedman_decor_peaks_small,
          minmay_gold_behind_fungi, minmay_parallelograms, uniq_terence
D:3:      layout_loops_ring, kiku_gazebo_pond_becter,
          nemelex_diamond_rough_becter, uniq_robin, uniq_natasha, uniq_grinder
D:4:      layout_cave_pods, minmay_temple_entry_slanted, portal_sewer_entry_d,
          roderic_roman_lattice, uniq_menkaure, uniq_pikel, uniq_blork_the_orc
D:5:      layout_loops_cross, mainiacjoe_overflow_big_doors
D:6:      layout_rooms, mainiacjoe_overflow_alcove_2, gammafunk_ghost_arena,
          uniq_jeremiah
D:7:      kennysheep_windowed_halls, layout_loops_ring,
          nicolae_overflow_crystal_walls, kennysheep_generic_room_7, uniq_maggie
D:8:      layout_loops_cross, mainiacjoe_overflow_catwalk,
          mainiacjoe_overflow_boulevard, mainiacjoe_overflow_alcove_1,
          serial_shops, nicolae_square_shop, nicolae_diamond_shop,
          nicolae_shop_just_a_little_nook, nicolae_shop_rolled_up, shop,
          enter_ossuary_5, minmay_misc_feat_rugged, hangedman_decor_lopped,
          uniq_prince_ribbit1, uniq_erica
D:9:      layout_loops_cross, nicolae_ru_sacrificial_ziggurat,
          mainiacjoe_overflow_chevrons, mainiacjoe_overflow_brackets,
          hangedman_tell_no_tales, uniq_harold, uniq_joseph
D:10:     layout_basic, nicolae_uskayaw_suspiria, general_overflow_altar,
          erik_lair_orcish_takeover, serial_shops, shop,
          nicolae_shop_hallway_stairs, kennysheep_cross_room
Lair:1:   layout_roguey
Lair:2:   layout_cave_pods, nicolae_spider_entry_non_spiders,
          serial_bayou_pond_d, gammafunk_lair_bear_cave, serial_bayou_shore_b,
          grunt_megastairs_2, infiniplex_staircase_pool, uniq_gastronok

Skill      XL: |  1  2  3  4  5  6  7  8  9 10 11 12 |
---------------+-------------------------------------+-----
Short Blades   | 1 2 3 4 5 6 7 |  7.5
Long Blades    | 1 2 3 4 5 6 7 |  7.5
Maces & Flails | 1 2 3 4 5 6 7 |  7.5
Polearms       | 1 2 3 4 5 6 7 |  7.5
Staves         | 1 2 3 4 5 6 7 |  7.5
Ranged Weapons | 1 2 3 4 5 6 7 |  7.5
Throwing       | 1 2 3 4 5 6 7 |  7.5
Armour         | 1 2 3 4 5 6 7 |  7.5
Dodging        | 1 2 3 4 5 6 7 |  7.5
Stealth        | 1 2 3 4 5 6 7 |  7.5
Shields        | 1 2 3 4 5 6 7 |  7.5
Unarmed Combat | 1 2 3 4 5 6 7 |  7.5
Invocations    | 1 2 3 4 5 6 7 8 |  8.3
Evocations     | 1 2 3 4 5 6 7 |  7.5
Shapeshifting  | 1 2 3 4 5 6 |  6.9
Spellcasting   | 3 4 5 6 7 8 |  8.1
Conjurations   | 1 2 3 4 5 6 |  6.2
Hexes          | 1 2 3 4 5 6 |  6.2
Summonings     | 1 2 3 4 5 6 |  6.2
Necromancy     | 1 2 3 4 5 6 |  6.2
Translocations | 1 2 3 4 5 6 |  6.2
Transmutations | 1 2 3 4 5 6 |  6.2
Ice Magic      | 1 2 3 4 5 6 |  6.2
Air Magic      | 1 2 3 4 5 6 |  6.2
Earth Magic    | 1 2 3 4 5 6 |  6.2
Poison Magic   | 1 2 3 4 5 6 |  6.2
Fighting       | 7 8 9 10 | 10.1
Axes           | 7 8 9 10 | 10.1
Fire Magic     | 6 7 8 |  8.4

Action                     |  1- 3 |  4- 6 |  7- 9 | 10-12 || total
---------------------------+-------+-------+-------+-------++-------
  Melee: Hand axe          |    41 |   149 |   345 |       ||   535
         Bite              |     2 |     9 |    49 |    81 ||   141
         Punch             |       |     3 |    10 |    27 ||    40
         Broad axe         |       |       |   119 |   669 ||   788
         Executioner's axe |       |       |       |   101 ||   101
   Fire: Greatsling        |       |       |       |    13 ||    13
  Throw: Throwing net      |       |       |       |     1 ||     1
   Cast: Scorch            |    16 |       |       |       ||    16
 Invoke: Foxfire Swarm     |       |     1 |       |       ||     1
    Use: Scroll            |       |       |    15 |     6 ||    21
         Potion            |       |       |     1 |     2 ||     3
   Stab: Sleeping          |     1 |       |       |       ||     1
 Armour: Robe              |    32 |       |       |       ||    32
         Chain mail        |       |   125 |   450 |   815 ||  1390
  Dodge: Dodged            |    36 |    49 |   225 |   442 ||   752

Table legend: (Time is in decaauts)
 A = Elapsed time spent in this place.
 B = Non-inter-level travel time spent in this place.
 C = Inter-level travel time spent in this place.
 D = Time resting spent in this place.
 E = Time spent auto-exploring this place.
 F = Levels seen in this place.
 G = Mean time per level.
                   A        B        C        D        E       F      G
               +--------+--------+--------+--------+--------+-----+--------+
         Total |  12981 |  12666 |    315 |   1538 |   8482 |  13 |  998.5 |
       Dungeon |  10665 |  10368 |    297 |    972 |   7307 |  10 | 1066.5 |
          Lair |   1670 |   1652 |     18 |    473 |    912 |   2 |  835.0 |
       Ossuary |    644 |    644 |      0 |     93 |    262 |   1 |  644.0 |
               +--------+--------+--------+--------+--------+-----+--------+

Top non-repeatable levels by time:
     D:8: 1700 daAuts
  Lair:1: 1534 daAuts
     D:3: 1521 daAuts
    D:10: 1291 daAuts
     D:9: 1250 daAuts
     D:4: 1219 daAuts
     D:5: 975 daAuts
     D:7: 822 daAuts
     D:1: 687 daAuts
     D:2: 664 daAuts
 Ossuary: 644 daAuts
     D:6: 532 daAuts
  Lair:2: 136 daAuts
